[Event "Titled Tuesday Blitz March 08 Late 2022"]
[White "Li, Ben"]
[Black "Fiorito, Fabian"]
[WhiteFideId "2089980"]
[BlackFideId "100200"]
[WhiteElo "2267"]
[BlackElo "2395"]
[Result "1-0"]
[Round "09"]
[TimeControl "180+1"]
[Date "2022.03.08"]
[WhiteClock "0:00:19"]
[BlackClock "0:00:15"]

1. d4 d5 2. Nf3 Nf6 3. c4 c6 4. Nc3 e6 5. e3 Nbd7 6. Bd3 dxc4 7. Bxc4 b5 8. Bd3 b4 9. Ne4 Nxe4 10. Bxe4 Bb7 11. O-O Be7 12. a3 a5 13. b3 O-O 14. Qc2 Nf6 15. Bd3 c5 16. dxc5 Bxf3 17. gxf3 Rc8 18. axb4 axb4 19. Qe2 Rxc5 20. f4 e5 21. fxe5 Rxe5 22. Bb2 Rd5 23. Rad1 Re8 24. Bc4 Rg5+ 25. Kh1 Qc7 26. Rg1 Rh5 27. Rg2 Rh6 28. Rdg1 g6 29. Qf3 Qb6 30. e4 Rf8 31. Qf4 Rh5 32. e5 Nd7 33. Qe4 Nc5 34. Qe2 Ne6 35. Qxh5 Nf4 36. Qf3 Nxg2 37. Rxg2 Rd8 38. Rg1 Rd2 39. Qxf7+ Kh8 40. Qg8# 1-0


[Site "https://www.chess.com"]

[Event "Titled Tuesday Blitz March 08 Late 2022"]
[White "Lopez Del Alamo, Antonio"]
[Black "Karttunen, Mika"]
[WhiteFideId "2227339"]
[BlackFideId "502081"]
[WhiteElo "2082"]
[BlackElo "2343"]
[Result "0-1"]
[Round "09"]
[TimeControl "180+1"]
[Date "2022.03.09"]
[WhiteClock "0:00:02"]
[BlackClock "0:00:06"]

1. e4 c5 2. Nf3 d6 3. d4 cxd4 4. Nxd4 Nf6 5. Nc3 a6 6. Be2 e5 7. Nb3 Be7 8. Be3 O-O 9. g4 Be6 10. g5 Nfd7 11. Qd2 Nb6 12. h4 Nc4 13. Bxc4 Bxc4 14. O-O-O Nc6 15. Kb1 Rc8 16. Nd5 Bxd5 17. Qxd5 b5 18. c3 b4 19. c4 a5 20. Rdg1 a4 21. Nc1 Nd4 22. Bxd4 exd4 23. Nd3 b3 24. a3 Qc7 25. Rc1 Kh8 26. f4 f5 27. exf5 Qd7 28. Rhe1 Bd8 29. Re6 Qf7 30. f6 gxf6 31. Qxd6 fxg5 32. hxg5 Bc7 33. Qa6 Qf5 34. c5 Ra8 35. Qc4 Bxf4 36. Rce1 Be3 37. Ka1 Rad8 38. c6 Qxg5 39. c7 Rc8 40. Rc6 Qg7 41. Nc5 Qg3 42. Rb1 Qf3 43. Ne6 Rf7 44. Nd8 Rg7 45. Ne6 Re7 46. Rd6 Qf7 47. Rd8+ Re8 48. Rxe8+ Qxe8 49. Qd5 Qe7 50. Qe5+ Kg8 51. Rf1 Rxc7 52. Qxc7 Qxe6 53. Qd8+ Kg7 54. Qf8+ Kg6 55. Qf3 h5 56. Re1 Qe5 57. Re2 h4 58. Rg2+ Kh6 59. Qg4 Bg5 60. Qc8 Qe1+ 0-1


[Site "https://www.chess.com"]

[Event "Titled Tuesday Blitz March 08 Late 2022"]
[White "Martin Barcelo, Carles"]
[Black "Supatashvili, Khvicha"]
[WhiteFideId "24561444"]
[BlackFideId "13600664"]
[WhiteElo "2411"]
[BlackElo "2686"]
[Result "0-1"]
[Round "09"]
[TimeControl "180+1"]
[Date "2022.03.09"]
[WhiteClock "0:00:08"]
[BlackClock "0:00:15"]

1. e4 c6 2. d4 d5 3. exd5 cxd5 4. Bd3 Nf6 5. c3 Bg4 6. Qb3 Qc7 7. h3 Bh5 8. Ne2 Bg6 9. Bxg6 hxg6 10. Bf4 Qd7 11. Nd2 Nc6 12. Nf3 e6 13. O-O Ne4 14. Nd2 Nd6 15. Rfe1 Be7 16. Nf3 O-O 17. Rad1 Rac8 18. Nc1 f6 19. Nd3 b6 20. Re2 g5 21. Bh2 Na5 22. Qc2 Nac4 23. Rde1 Ne4 24. Rd1 Rfe8 25. Nfe1 Bf8 26. f3 Ned6 27. Qc1 Nf5 28. Nc2 a5 29. Rde1 b5 30. a3 Rc6 31. b4 axb4 32. axb4 Ra6 33. Nc5 Bxc5 34. bxc5 Ra2 35. Nb4 Rxe2 36. Rxe2 Na5 37. Ra2 Nc6 38. Nxc6 Qxc6 39. Qa3 e5 40. Qa6 Qxa6 41. Rxa6 exd4 42. cxd4 Nxd4 43. Rd6 Ne2+ 44. Kf2 Nc3 45. c6 Kf7 46. Rd7+ Ke6 47. Rxg7 Rc8 48. c7 b4 49. h4 b3 50. hxg5 b2 51. gxf6 b1=Q 52. Re7+ Kxf6 0-1


[Site "https://www.chess.com"]

[Event "Titled Tuesday Blitz March 08 Late 2022"]
[White "Martin Duque, Jesus"]
[Black "Salimova, Nurgyul"]
[WhiteFideId "2208954"]
[BlackFideId "2915138"]
[WhiteElo "2243"]
[BlackElo "2185"]
[Result "1/2-1/2"]
[Round "09"]
[TimeControl "180+1"]
[Date "2022.03.08"]
[WhiteClock "0:00:42"]
[BlackClock "0:00:05"]

1. Nf3 Nf6 2. b3 d5 3. Bb2 Bf5 4. d3 e6 5. Nbd2 h6 6. g3 c5 7. Bg2 Nc6 8. Ne5 Nxe5 9. Bxe5 Bd6 10. Bxd6 Qxd6 11. e4 dxe4 12. dxe4 Bh7 13. Nc4 Qxd1+ 14. Rxd1 Ke7 15. f3 Rhd8 16. Ke2 g5 17. Ke3 b6 18. a4 Nd7 19. f4 gxf4+ 20. gxf4 Rg8 21. Bf3 Rad8 22. Rhg1 Rxg1 23. Rxg1 Nf6 24. c3 Nd7 25. e5 Bg6 26. h4 h5 27. Nd6 Nf6 28. c4 Ne8 29. Nb5 Rd3+ 30. Ke2 Rxb3 31. Nxa7 Ng7 32. Nc6+ Kf8 33. Rd1 Nf5 34. Rd8+ Kg7 35. Rb8 Nxh4 36. a5 Nxf3 37. a6 Ra3 38. a7 Nd4+ 39. Nxd4 Rxa7 40. Nb5 Ra2+ 41. Kf3 h4 42. Nd6 h3 43. Ne8+ Kh6 44. Nf6 Bh5+ 45. Kg3 Bg6 46. Rh8+ Kg7 47. Rg8+ Kh6 48. Ng4+ Kh7 49. Nf6+ Kh6 50. Ng4+ Kh7 51. Nf6+ Kh6 1/2-1/2


[Site "https://www.chess.com"]

[Event "Titled Tuesday Blitz March 08 Late 2022"]
[White "Martirosyan, Haik M."]
[Black "Tari, Aryan"]
[WhiteFideId "13306553"]
[BlackFideId "1510045"]
[WhiteElo "2735"]
[BlackElo "2567"]
[Result "1-0"]
[Round "09"]
[TimeControl "180+1"]
[Date "2022.03.08"]
[WhiteClock "0:00:40"]
[BlackClock "0:00:12"]

1. d4 d5 2. Nf3 Nf6 3. Bg5 Ne4 4. Bf4 c5 5. dxc5 Nc6 6. e3 e6 7. c4 Bxc5 8. a3 O-O 9. Nbd2 Qf6 10. Qc2 Nxd2 11. Nxd2 e5 12. cxd5 exf4 13. Qxc5 fxe3 14. fxe3 Ne5 15. Qd4 Bg4 16. Ne4 Qh4+ 17. Nf2 Rfe8 18. h3 Qf6 19. Ne4 Nf3+ 20. Kf2 Rxe4 21. Qxf6 1-0


[Site "https://www.chess.com"]

[Event "Titled Tuesday Blitz March 08 Late 2022"]
[White "Mickiewicz, Piotr"]
[Black "Yuan, Qingyu"]
[WhiteFideId "1114891"]
[BlackFideId "8609772"]
[WhiteElo "2266"]
[BlackElo "2359"]
[Result "0-1"]
[Round "09"]
[TimeControl "180+1"]
[Date "2022.03.08"]
[WhiteClock "0:00:01"]
[BlackClock "0:00:12"]

1. Nf3 Nf6 2. g3 g6 3. Bg2 Bg7 4. O-O O-O 5. c4 c6 6. d3 d5 7. Nbd2 b6 8. Qc2 Bb7 9. a3 Nbd7 10. b4 e5 11. e4 d4 12. c5 bxc5 13. bxc5 Qe7 14. Nb3 Rfb8 15. a4 Ba6 16. Ba3 Qd8 17. Rfb1 Ne8 18. Nfd2 Nc7 19. Nc4 Ne6 20. Nd6 Bf8 21. h4 Nf6 22. Bh3 Qe7 23. Na5 Nd8 24. Rb3 Qc7 25. Nac4 Rxb3 26. Qxb3 Rb8 27. Qc2 Bxc4 28. Qxc4 Nb7 29. Nxf7 Na5 30. Nh6+ Kg7 31. Qe6 Re8 32. Qa2 Kxh6 33. Bb4 Kg7 34. h5 Nb7 35. h6+ Kxh6 36. Qd2+ Kg7 37. Rb1 a5 38. Ba3 Nxc5 39. Qa2 Na6 40. Bxf8+ Kxf8 41. Qc4 Nb4 42. g4 Qd6 43. g5 Nh5 44. Rc1 Nf4 45. Bg4 Nfxd3 46. Rb1 Nf4 47. Kh2 d3 48. Kg3 Kg7 49. Rh1 Rf8 0-1


[Site "https://www.chess.com"]

[Event "Titled Tuesday Blitz March 08 Late 2022"]
[White "Mikhalsky, Vladimir"]
[Black "Mekhitarian, Krikor Sevag"]
[WhiteFideId "14144352"]
[BlackFideId "2107660"]
[WhiteElo "2301"]
[BlackElo "2598"]
[Result "1-0"]
[Round "09"]
[TimeControl "180+1"]
[Date "2022.03.08"]
[WhiteClock "0:00:35"]
[BlackClock "0:00:12"]

1. c4 c5 2. Nf3 Nc6 3. d4 cxd4 4. Nxd4 g6 5. Nc3 Bg7 6. Nc2 d6 7. e4 Bxc3+ 8. bxc3 Be6 9. Nd4 Rc8 10. Nxe6 fxe6 11. Be3 Nf6 12. f3 Qa5 13. Qd2 Ne5 14. Rb1 b6 15. Rb4 O-O 16. Be2 Nc6 17. Rb5 Qa4 18. O-O Ne5 19. Rb4 Qc6 20. Qd4 Ned7 21. Bh6 Rfd8 22. Rd1 e5 23. Qd2 Nc5 24. Be3 Ne6 25. g3 Rf8 26. Bf1 Nc5 27. Bh3 Rcd8 28. Qe2 Kg7 29. Qd2 Ng8 30. Kg2 Rf7 31. Qd5 Qe8 32. Bxc5 bxc5 33. Rb7 Rb8 34. Rdb1 Nf6 35. Rxb8 Nxd5 36. Rxe8 Ne3+ 37. Kf2 Nxc4 38. Be6 1-0


[Site "https://www.chess.com"]

[Event "Titled Tuesday Blitz March 08 Late 2022"]
[White "Moksh Amit Doshi"]
[Black "Milanovic, Marko"]
[WhiteFideId "25064967"]
[BlackFideId "980129"]
[WhiteElo "2245"]
[BlackElo "2159"]
[Result "1-0"]
[Round "09"]
[TimeControl "180+1"]
[Date "2022.03.08"]
[WhiteClock "0:00:13"]
[BlackClock "0:00:03"]

1. e4 e5 2. Nf3 Nc6 3. Bb5 a6 4. Ba4 Nf6 5. O-O Be7 6. Re1 b5 7. Bb3 d6 8. c3 O-O 9. h3 Nb8 10. d4 Nbd7 11. Nbd2 Bb7 12. Bc2 Re8 13. Nf1 Bf8 14. Ng3 g6 15. a4 c5 16. d5 c4 17. Bg5 Be7 18. Qd2 Qc7 19. Nh2 Reb8 20. Rf1 Qd8 21. f4 Ne8 22. Ng4 h5 23. Nh6+ Kf8 24. fxe5 Nxe5 25. Bf4 Bf6 26. Qe2 h4 27. Nh5 gxh5 28. Qxh5 Ng7 29. Qe2 Qe7 30. Qf2 Nh5 31. Bh2 Bc8 32. Bd1 Ng3 33. Qxf6 Qxf6 34. Rxf6 Kg7 35. Rxd6 Nd3 36. Bxg3 hxg3 37. Bg4 Nxb2 38. axb5 axb5 39. Rxa8 Rxa8 40. Kf1 Bxg4 41. hxg4 Ra1+ 42. Ke2 Nd3 43. Nf5+ Kh7 44. Nxg3 Re1+ 45. Kd2 Rg1 46. Nf5 Rxg2+ 47. Ke3 Rxg4 48. Rh6+ Kg8 49. Rb6 Kh7 50. Rxb5 Ne5 51. Rb7 Rg1 52. Kd4 Nf3+ 53. Kxc4 Nd2+ 54. Kc5 Nxe4+ 55. Kc6 Nxc3 56. Rxf7+ Kg6 57. Rg7+ Kxf5 58. Rxg1 Ke5 59. d6 Ke6 60. d7 Ne2 61. Re1 1-0


[Site "https://www.chess.com"]

[Event "Titled Tuesday Blitz March 08 Late 2022"]
[White "Moral Garcia, Serafin"]
[Black "Osmonbekov, Talaibek"]
[WhiteFideId "2201925"]
[BlackFideId "2017253"]
[WhiteElo "2228"]
[BlackElo "2135"]
[Result "1-0"]
[Round "09"]
[TimeControl "180+1"]
[Date "2022.03.09"]
[WhiteClock "0:01:13"]
[BlackClock "0:00:02"]

1. e4 c5 2. Nf3 d6 3. d4 cxd4 4. Nxd4 Nf6 5. Nc3 g6 6. Be3 Bg7 7. f3 O-O 8. Qd2 Nc6 9. O-O-O d5 10. Kb1 e5 11. Nxc6 bxc6 12. exd5 cxd5 13. Nxd5 Rb8 14. Bc4 e4 15. Bg5 Rxb2+ 16. Kc1 Nxd5 17. Bxd8 Nb4 18. Be7 Nxa2+ 19. Bxa2 Rxa2 20. Qb4 Re8 21. Rhe1 Bh6+ 22. Kb1 Be6 23. Rxe4 Bg7 24. c3 Rxg2 25. Rd8 Rxd8 26. Bxd8 Bf5 27. c4 Be5 28. Qe7 Bxe4+ 29. fxe4 f6 30. Bc7 Rg1+ 31. Kc2 Rg2+ 32. Kb3 Rb2+ 33. Ka3 Rb7 34. Qe8+ Kg7 35. Bxe5 fxe5 36. Qxe5+ Kh6 37. c5 Rf7 38. c6 g5 39. c7 1-0


[Site "https://www.chess.com"]

[Event "Titled Tuesday Blitz March 08 Late 2022"]
[White "Morris-Suzuki, Sophie"]
[Black "Nayem, Haque"]
[WhiteFideId "30922615"]
[BlackFideId "10217754"]
[WhiteElo "2485"]
[BlackElo "1982"]
[Result "1-0"]
[Round "09"]
[TimeControl "180+1"]
[Date "2022.03.09"]
[WhiteClock "0:00:07"]
[BlackClock "0:01:38"]

1. e4 c6 2. Nc3 d5 3. Nf3 Nf6 4. e5 Ne4 5. Ne2 Qb6 6. d4 e6 7. Ng3 c5 8. Bd3 Nxg3 9. fxg3 cxd4 10. O-O h6 11. Nh4 Be7 12. Qh5 g6 13. Qf3 Rh7 14. Nxg6 fxg6 15. Bxg6+ Kd7 16. Bxh7 Nc6 17. Bf4 Qxb2 18. Bg8 Kc7 19. Qg4 Qxc2 20. Bxe6 d3 21. Bxc8 Rxc8 22. e6+ Kb6 23. Be3+ Ka6 24. Rfc1 Bc5 25. Bxc5 Qb2 26. Qa4+ Na5 27. Rab1 Rxc5 28. Rxb2 Rxc1+ 29. Kf2 Rc5 30. Rd2 b5 31. Qf4 Rc4 32. Qf5 Re4 33. Rxd3 Nc4 34. Qxd5 Re5 35. Qd7 Rf5+ 36. Ke1 Re5+ 37. Kd1 Nb2+ 38. Kc2 Nxd3 39. Kxd3 b4 40. Qd6+ Kb7 41. Qxe5 b3 42. axb3 Kc8 43. e7 Kb7 44. e8=Q a5 45. Q8b5+ Ka7 46. Qc7+ Ka8 47. Qa6# 1-0


[Site "https://www.chess.com"]

[Event "Titled Tuesday Blitz March 08 Late 2022"]
[White "Nikologorsky, Matfei"]
[Black "Senft, Sean"]
[WhiteFideId "24102474"]
[BlackFideId "2044960"]
[WhiteElo "2334"]
[BlackElo "2509"]
[Result "1-0"]
[Round "09"]
[TimeControl "180+1"]
[Date "2022.03.09"]
[WhiteClock "0:00:14"]
[BlackClock "0:00:24"]

1. e4 c5 2. Nf3 d6 3. d4 cxd4 4. Nxd4 Nf6 5. Nc3 a6 6. h3 e6 7. g4 Be7 8. g5 Nfd7 9. Be3 O-O 10. h4 Nc6 11. Qd2 Nxd4 12. Qxd4 b5 13. O-O-O Bb7 14. Rh3 Qc7 15. Kb1 Rfc8 16. f4 b4 17. Qxb4 Bc6 18. e5 Rab8 19. exd6 Rxb4 20. dxc7 Rxc7 21. Bd4 f6 22. gxf6 Nxf6 23. a3 Rbb7 24. Bxa6 Bxa3 25. Bxb7 Rxb7 26. b3 Bb4 27. Be5 Ne4 28. Nxe4 Bxe4 29. Rg3 g6 30. Rd8+ Kf7 31. Rh8 Rb6 32. Rxh7+ Ke8 33. h5 Rc6 34. Rxg6 Bxc2+ 35. Kb2 Bf8 36. Rh8 Kf7 37. Rf6+ Ke7 38. Rfxf8 Be4 39. Re8+ Kd7 40. Rd8+ Ke7 41. Rdg8 Rc2+ 42. Ka3 Kd7 43. Rg7+ Kc6 44. Rc8+ Kd5 45. Rxc2 Bxc2 46. h6 1-0


[Site "https://www.chess.com"]

[Event "Titled Tuesday Blitz March 08 Late 2022"]
[White "P., Komal Kishore"]
[Black "Butti, Enrique"]
[WhiteFideId "5016703"]
[BlackFideId "3700470"]
[WhiteElo "2150"]
[BlackElo "2080"]
[Result "0-1"]
[Round "09"]
[TimeControl "180+1"]
[Date "2022.03.09"]
[WhiteClock "0:00:49"]
[BlackClock "0:01:27"]

1. e4 c5 2. Nf3 d6 3. Bb5+ Bd7 4. Bxd7+ Qxd7 5. O-O Nc6 6. c3 Nf6 7. Re1 e6 8. d4 cxd4 9. cxd4 d5 10. Nc3 dxe4 11. Nxe4 Nxe4 12. Rxe4 Be7 13. Rg4 O-O 14. Rg3 Rfd8 15. Be3 Bf6 16. Bg5 Bxg5 17. Nxg5 h6 18. Ne4 Kh8 19. Qg4 f5 20. Qg6 fxe4 21. Rd1 Rf8 22. Qxe4 Rf6 23. d5 Raf8 24. Rgd3 exd5 25. Rxd5 Qf7 26. Rd7 Qxa2 27. Qg4 Qg8 28. f3 Ne5 0-1


[Site "https://www.chess.com"]

[Event "Titled Tuesday Blitz March 08 Late 2022"]
[White "Pavlidou, Ekaterini"]
[Black "Mkrtchyan, Mariam"]
[WhiteFideId "4213262"]
[BlackFideId "13310828"]
[WhiteElo "2127"]
[BlackElo "1984"]
[Result "1-0"]
[Round "09"]
[TimeControl "180+1"]
[Date "2022.03.09"]
[WhiteClock "0:00:18"]
[BlackClock "0:00:03"]

1. d4 d6 2. c4 e5 3. Nf3 e4 4. Ng5 f5 5. Nc3 Be7 6. h4 Nf6 7. f3 h6 8. Nh3 O-O 9. Nf4 c6 10. d5 Na6 11. e3 Nc5 12. b4 Na6 13. a3 Nh7 14. h5 exf3 15. gxf3 Bf6 16. Qd3 Re8 17. Bd2 Ng5 18. Be2 Nc7 19. O-O-O a5 20. b5 cxb5 21. cxb5 a4 22. Kb1 Bd7 23. e4 Bxc3 24. Bxc3 Nxb5 25. Bb2 fxe4 26. fxe4 Rxe4 27. Ne6 Bxe6 28. dxe6 Nc7 29. Qxd6 Qxd6 30. Rxd6 Rxe2 31. Rc1 Ncxe6 32. Rd7 Rf8 33. Rxb7 Rff2 34. Rc8+ Rf8 35. Rc4 Nf3 36. Rxa4 Nd2+ 37. Ka2 Ne4 38. Rc4 Rff2 39. Rc8+ Rf8 40. Rc6 N4g5 41. Re7 Rff2 42. Rc8+ Kh7 43. Rb8 Nf4 44. Rxg7# 1-0


[Site "https://www.chess.com"]

[Event "Titled Tuesday Blitz March 08 Late 2022"]
[White "Petrovic, Aleksa"]
[Black "Avazkhonov, Alikhon"]
[WhiteFideId "967629"]
[BlackFideId "14208504"]
[WhiteElo "2245"]
[BlackElo "1739"]
[Result "1-0"]
[Round "09"]
[TimeControl "180+1"]
[Date "2022.03.09"]
[WhiteClock "0:00:05"]
[BlackClock "0:00:03"]

1. Nf3 d5 2. e3 Bg4 3. c4 c6 4. cxd5 cxd5 5. Qb3 Qc7 6. Nc3 Bxf3 7. gxf3 e6 8. Rg1 Nf6 9. f4 Nbd7 10. d4 g6 11. Bd2 Be7 12. Nb5 Qb6 13. Rc1 O-O 14. f3 Rac8 15. Rxc8 Rxc8 16. Bd3 a6 17. Nc3 Qc6 18. Ke2 b5 19. Rc1 Qb7 20. a4 b4 21. Na2 a5 22. Bb5 Nb6 23. Rxc8+ Qxc8 24. Nc1 Ne8 25. Nd3 Nd6 26. Ne5 Nxb5 27. axb5 a4 28. Qd3 Nc4 29. Nc6 Qf8 30. Nxe7+ Qxe7 31. b6 Nxb6 32. Qb5 Nc4 33. Bxb4 Qh4 34. Qe8+ Kg7 35. Bf8+ 1-0


[Site "https://www.chess.com"]

[Event "Titled Tuesday Blitz March 08 Late 2022"]
[White "Pinheiro, Iung Alicio de O."]
[Black "Toncheva, Nadya"]
[WhiteFideId "2104350"]
[BlackFideId "2924056"]
[WhiteElo "2607"]
[BlackElo "2402"]
[Result "1-0"]
[Round "09"]
[TimeControl "180+1"]
[Date "2022.03.09"]
[WhiteClock "0:00:20"]
[BlackClock "0:00:20"]

1. c4 Nf6 2. g3 g6 3. Bg2 Bg7 4. Nc3 O-O 5. e4 e5 6. Nge2 d6 7. O-O Be6 8. d3 c6 9. f4 Bg4 10. Be3 a5 11. Qd2 Bxe2 12. Qxe2 Na6 13. f5 Nc7 14. g4 d5 15. exd5 cxd5 16. Bg5 dxc4 17. Bxf6 Bxf6 18. dxc4 Ra6 19. Ne4 Qe7 20. Rad1 Rd8 21. Rxd8+ Qxd8 22. Rd1 Qe7 23. c5 Nb5 24. Qxb5 gxf5 25. gxf5 Bg5 26. Kh1 Be3 27. Qe2 Bd4 28. Qg4+ Kh8 29. f6 Qf8 30. Qf5 Qh6 31. Qc8+ 1-0


[Site "https://www.chess.com"]

[Event "Titled Tuesday Blitz March 08 Late 2022"]
[White "Praggnanandhaa R"]
[Black "Nakamura, Hikaru"]
[WhiteFideId "25059530"]
[BlackFideId "2016192"]
[WhiteElo "2599"]
[BlackElo "2850"]
[Result "1-0"]
[Round "09"]
[TimeControl "180+1"]
[Date "2022.03.08"]
[WhiteClock "0:00:06"]
[BlackClock "0:00:04"]

1. Nf3 d5 2. g3 g6 3. c4 dxc4 4. Na3 Bg7 5. Nxc4 Nc6 6. d3 e5 7. Bd2 Be6 8. Rc1 Nge7 9. Bg2 a5 10. a3 a4 11. O-O O-O 12. Bc3 f6 13. e4 Qd7 14. Qc2 Rfd8 15. Rfd1 g5 16. Qe2 Nd4 17. Bxd4 exd4 18. e5 g4 19. Nh4 f5 20. Bxb7 Rab8 21. Bg2 Rb5 22. f4 gxf3 23. Nxf3 Bh6 24. Rc2 Kh8 25. Kh1 Rg8 26. Nh4 Nd5 27. Qh5 Be3 28. Rf1 f4 29. Be4 Nf6 30. Qh6 Nxe4 31. dxe4 d3 32. Rc3 Bxc4 33. Rxc4 Rb6 34. e6 Rxe6 35. Rxc7 Qxc7 36. Qxe6 fxg3 37. hxg3 Bg5 38. Nf5 d2 39. Nd6 Rd8 40. Nf7+ Kg7 41. Nxd8 Qxd8 42. Qd5 Qe7 43. Qd4+ Kg6 44. Kg2 Qe6 45. Qd5 Qb6 46. Qf7+ Kh6 47. Rh1+ Bh4 48. Rxh4+ 1-0


[Site "https://www.chess.com"]

[Event "Titled Tuesday Blitz March 08 Late 2022"]
[White "Prohorov, Olexandr"]
[Black "Maranhao,Jose Renato Ruiz"]
[WhiteFideId "14105578"]
[BlackFideId "2135175"]
[WhiteElo "1993"]
[BlackElo "1970"]
[Result "1-0"]
[Round "09"]
[TimeControl "180+1"]
[Date "2022.03.09"]
[WhiteClock "0:02:03"]
[BlackClock "0:00:01"]

1. e4 c6 2. d4 d5 3. e5 Bf5 4. Nf3 e6 5. Be2 Nd7 6. O-O h6 7. Nbd2 Bh7 8. Nb3 Ne7 9. a4 a5 10. Bd2 Ng6 11. Ne1 Be7 12. f4 O-O 13. g4 Nh4 14. Bd3 Bxd3 15. Nxd3 f5 16. exf6 Nxf6 17. Qe1 Nxg4 18. Qxe6+ Kh8 19. Qxg4 Nf5 20. Ne5 Rf6 21. Rae1 Bb4 22. c3 Bd6 23. Nc5 b6 24. Ncd3 Qc7 25. Kh1 Kg8 26. Rg1 Raf8 27. Ng6 R8f7 28. Re8+ 1-0


[Site "https://www.chess.com"]

[Event "Titled Tuesday Blitz March 08 Late 2022"]
[White "Qashashvili, Alexandre"]
[Black "Burke, Paul"]
[WhiteFideId "13600842"]
[BlackFideId "2605767"]
[WhiteElo "2316"]
[BlackElo "1909"]
[Result "1-0"]
[Round "09"]
[TimeControl "180+1"]
[Date "2022.03.09"]
[WhiteClock "0:02:09"]
[BlackClock "0:01:48"]

1. e4 e5 2. Nf3 Nc6 3. Nc3 Be7 4. d4 exd4 5. Nxd4 d6 6. Bb5 Bd7 7. Nd5 Nxd4 8. Bxd7+ Qxd7 9. Qxd4 Nf6 10. O-O O-O 11. Nxe7+ Qxe7 12. Bg5 Rae8 13. Rfe1 h6 14. Bxf6 Qxf6 15. Qxf6 gxf6 16. Rad1 Re7 17. f3 Rfe8 18. Kf2 Kg7 19. Rd5 Re5 20. Red1 Rxd5 21. Rxd5 Re5 22. c4 f5 23. Rxe5 dxe5 24. exf5 Kf6 25. g4 c6 26. h4 b5 27. cxb5 cxb5 28. b4 h5 29. Ke3 hxg4 30. fxg4 1-0


[Site "https://www.chess.com"]

[Event "Titled Tuesday Blitz March 08 Late 2022"]
[White "Rastbod, Ali"]
[Black "Debray, Christopher"]
[WhiteFideId "12567477"]
[BlackFideId "630810"]
[WhiteElo "2200"]
[BlackElo "2393"]
[Result "1-0"]
[Round "09"]
[TimeControl "180+1"]
[Date "2022.03.08"]
[WhiteClock "0:00:15"]
[BlackClock "0:00:14"]

1. c4 g6 2. d4 Bg7 3. Nf3 d6 4. Nc3 Bg4 5. Qb3 Bxf3 6. gxf3 Nc6 7. e3 Rb8 8. h4 Nf6 9. f4 O-O 10. Bg2 e5 11. fxe5 dxe5 12. d5 Ne7 13. e4 c6 14. Be3 cxd5 15. cxd5 Nc8 16. O-O-O Ng4 17. Bg5 f6 18. d6+ Kh8 19. Be3 Nxe3 20. fxe3 Nxd6 21. Qe6 Qb6 22. Qxd6 Qxe3+ 23. Qd2 Qg3 24. Kb1 f5 25. Qg5 Qf2 26. Rhf1 Qb6 27. Nd5 Qb5 28. exf5 gxf5 29. Rxf5 Rxf5 30. Qxf5 Qe2 31. Qf3 Qc4 32. Bf1 Qxh4 33. Bd3 Rf8 34. Qh1 Qxh1 35. Rxh1 h6 36. Rh2 Rf3 37. Be4 Rf1+ 38. Kc2 Re1 39. Nc3 Bf8 40. Bxb7 Kg7 41. Rg2+ Kf6 42. Rf2+ Kg7 43. Re2 Rg1 44. Rxe5 Bd6 45. Rh5 Kg6 46. Rh3 Kg5 47. Ne4+ Kg4 48. Rxh6 Bf4 49. Rg6+ Kf3 50. Rxg1 Be3 51. Rg3+ Ke2 52. Rxe3+ Kxe3 53. Kc3 a6 54. Bxa6 Kf4 55. Kc4 Ke5 56. Kc5 Ke6 57. Bc8+ Ke7 58. Nd6 Kd8 59. Kc6 Ke7 60. b4 Kd8 61. b5 Ke7 62. b6 Kd8 63. b7 Ke7 64. b8=Q Kd8 65. Qc7# 1-0


[Site "https://www.chess.com"]

[Event "Titled Tuesday Blitz March 08 Late 2022"]
[White "Ronka, Erik"]
[Black "Petrova, Irina"]
[WhiteFideId "505080"]
[BlackFideId "14124122"]
[WhiteElo "2264"]
[BlackElo "1993"]
[Result "1-0"]
[Round "09"]
[TimeControl "180+1"]
[Date "2022.03.09"]
[WhiteClock "0:01:43"]
[BlackClock "0:00:16"]

1. e4 d6 2. d4 Nf6 3. Nc3 e5 4. Nf3 Nbd7 5. Rg1 g6 6. g4 Bg7 7. Be3 O-O 8. g5 Nh5 9. Qd2 exd4 10. Nxd4 c5 11. Nb3 Ne5 12. Be2 Be6 13. O-O-O Nc4 14. Bxc4 Bxc4 15. Qxd6 Qe8 16. Bxc5 Bxb3 17. axb3 Bxc3 18. bxc3 Qxe4 19. Kb2 Rfc8 20. Bd4 b5 21. Rge1 Qf5 22. Re5 Qf3 23. Rd3 Qb7 24. Re7 Qb8 25. Qxb8 Raxb8 26. Bxa7 Ra8 27. Rdd7 Rf8 28. Bd4 1-0


[Site "https://www.chess.com"]

[Event "Titled Tuesday Blitz March 08 Late 2022"]
[White "Rorrer, Grayson"]
[Black "Bluebaum, Matthias"]
[WhiteFideId "30944996"]
[BlackFideId "24651516"]
[WhiteElo "2122"]
[BlackElo "2550"]
[Result "0-1"]
[Round "09"]
[TimeControl "180+1"]
[Date "2022.03.08"]
[WhiteClock "0:00:03"]
[BlackClock "0:01:16"]

1. e4 c6 2. d4 d5 3. exd5 cxd5 4. Bd3 Nc6 5. c3 Nf6 6. h3 e5 7. dxe5 Nxe5 8. Nf3 Nxd3+ 9. Qxd3 Bd6 10. O-O O-O 11. Bg5 h6 12. Bxf6 Qxf6 13. Nbd2 Bf5 14. Qd4 Qxd4 15. Nxd4 Bd7 16. Rfe1 Rfe8 17. Rxe8+ Rxe8 18. Nf1 Bf4 19. g3 Be5 20. Nf3 Bxh3 21. Ne3 Bxg3 22. Nxd5 Bb8 23. Ne3 Bc7 24. Nd4 Bb6 25. Rd1 Rd8 26. Nc4 Bxd4 27. cxd4 Be6 28. b3 g5 29. Ne3 Bd5 30. Rc1 Be4 31. d5 f5 32. Rc7 h5 33. f3 Bd3 34. Rc3 Bb1 35. Rc1 f4 36. Nc4 Bd3 37. Nb2 Bg6 38. Rc5 b6 39. Rb5 Be8 40. Rb4 Rxd5 41. Re4 Bf7 42. Nc4 Rd1+ 43. Kf2 Bxc4 0-1


[Site "https://www.chess.com"]

[Event "Titled Tuesday Blitz March 08 Late 2022"]
[White "Rostovtsev, Dmitry"]
[Black "Mogranzini, Roberto"]
[WhiteFideId "34278320"]
[BlackFideId "810894"]
[WhiteElo "2359"]
[BlackElo "2469"]
[Result "1-0"]
[Round "09"]
[TimeControl "180+1"]
[Date "2022.03.08"]
[WhiteClock "0:01:44"]
[BlackClock "0:00:13"]

1. e4 c5 2. Nf3 Nc6 3. Bb5 g6 4. O-O Bg7 5. c3 Nf6 6. Re1 O-O 7. d4 d5 8. e5 Ne4 9. Bxc6 bxc6 10. Be3 cxd4 11. cxd4 Rb8 12. Qc1 Qb6 13. b3 Bg4 14. Nfd2 Nxd2 15. Nxd2 a5 16. Qc3 a4 17. bxa4 Qa6 18. a5 Rb5 19. Nb3 Rfb8 20. Rac1 Rc8 21. Qd2 Bf5 22. Bh6 Bxh6 23. Qxh6 Rb4 24. Re3 Ra4 25. Nc5 Qxa5 26. Nxa4 Qxa4 27. Qh4 Rc7 28. h3 Qxa2 29. Qf4 Qd2 30. Ra1 Rb7 31. Qh6 Rb8 32. Qf4 Kg7 33. e6 Rb4 34. exf7 Kxf7 35. Rxe7+ 1-0


[Site "https://www.chess.com"]

[Event "Titled Tuesday Blitz March 08 Late 2022"]
[White "Rudzinska, Michalina"]
[Black "Warakomska, Anna"]
[WhiteFideId "1172883"]
[BlackFideId "1130790"]
[WhiteElo "1904"]
[BlackElo "2062"]
[Result "1-0"]
[Round "09"]
[TimeControl "180+1"]
[Date "2022.03.09"]
[WhiteClock "0:01:17"]
[BlackClock "0:00:15"]

1. Nf3 d5 2. b3 Nf6 3. Bb2 Bf5 4. e3 e6 5. d3 h6 6. Nbd2 c5 7. g3 Be7 8. Bg2 Nc6 9. O-O O-O 10. Qe2 Qc7 11. e4 Bh7 12. Rfe1 dxe4 13. dxe4 Rfd8 14. e5 Nd5 15. a3 Bxc2 16. Rac1 Bh7 17. Ne4 Qb6 18. Nfd2 Nd4 19. Qc4 Qa5 20. b4 cxb4 21. Qxd4 bxa3 22. Ba1 Nb4 23. Qc3 Qa4 24. Bf1 Nd5 25. Qb3 Qa5 26. Nc4 Qb4 27. Qxb4 Bxb4 28. Red1 Bxe4 29. Be2 Rac8 30. f3 Bh7 31. Kf2 Bc5+ 32. Ke1 b5 33. Nd6 Bb4+ 34. Kf2 Rxc1 35. Rxc1 Bxd6 36. exd6 g5 37. d7 Rxd7 38. Rc8+ Rd8 39. Rxd8# 1-0


[Site "https://www.chess.com"]